Map: Disco Bloodbath LE

Players

MCanning - Winner!

  • Race: Protoss Protoss
  • Spawn Location: 3:00

niceusername

  • Race: Terran Terran
  • Spawn Location: 9:00

VOD

Have the link to the VOD?

Description

Time

  • Played on: Sept. 6, 2019, 2:44 p.m.
  • Length: 7:06
Show
View Real Time Build Order
Export as new Build Order

MCanning Protoss - Winner!

Build Orders: 1 Gate Expand, Colossus Rush 

Get SALT Encoding   

  12  0:00  Probe  
  13  0:13  Probe  
  14  0:18  Pylon  
  14  0:25  Probe  
  15  0:34  Probe  
  15  0:37  Gateway  
  15  0:42  Probe  
  16  0:47  Assimilator  
  17  0:51  Probe  
  18  1:03  Probe  
  19  1:15  Probe  
  20  1:24  Cybernetics Core  
  20  1:27  Probe  
  21  1:38  Nexus  
  21  1:49  Pylon  
  21  1:50  Probe  
  21  1:53  Assimilator  
  22  1:57  Adept  
  22  2:00  Probe  
  22  2:01  Warp Gate  
  25  2:08  Probe  
  26  2:17  Probe  
  26  2:20  Pylon  
  27  2:28  Sentry  
  27  2:29  Probe  
  30  2:37  Shield Battery  
  30  2:41  Probe  
  31  2:45  Robotics Facility  
  32  2:51  Probe x2  
  33  2:59  Stalker  
  33  3:00  Probe  
  33  3:03  Probe  
  37  3:08  Probe  
  37  3:15  Gateway, Probe  
  39  3:21  Probe  
  39  3:27  Gateway, Probe  
  40  3:33  Probe  
  43  3:34  Observer  
  43  3:39  Pylon, Probe  
  44  3:45  Probe  
  45  3:51  Assimilator, Robotics Bay  
  45  3:52  Probe  
  47  3:56  Observer  
  47  3:57  Probe  
  47  3:59  Assimilator  
  48  4:04  Observer, Probe  
  48  4:05  Pylon  
  48  4:09  Probe  
  50  4:12  Stalker x2  
  50  4:16  Probe  
  55  4:19  Observer, Pylon  
  55  4:21  Probe  
  55  4:22  Stalker  
  58  4:28  Probe  
  59  4:32  Colossus  
  59  4:35  Adept x2  
  59  4:37  Pylon  
  69  4:53  Extended Thermal Lance  
  69  4:56  Probe x2  
  71  5:00  Forge  
  71  5:08  Probe  
  71  5:10  Gateway  
  71  5:11  Gateway  
  72  5:18  Colossus  
  69  5:23  Probe  
  69  5:27  Sentry  
  74  5:37  Probe  
  74  5:42  Gateway  
  75  5:46  Gateway  
  75  5:53  Stalker  
  75  5:54  Stalker x2  
  81  5:58  Probe  
  81  5:59  Probe  
  81  6:09  Disruptor  
  81  6:10  Probe  
  82  6:11  Twilight Council  
  82  6:12  Pylon, Probe  
  82  6:17  Observer  
  86  6:26  Pylon  
  86  6:30  Pylon  
  84  6:37  Nexus  
  84  6:38  Pylon  
  84  6:43  Adept x2  
  84  6:44  Twilight Council  
Show
View Real Time Build Order
Export as new Build Order

niceusername Terran 

Build Orders:  

Get SALT Encoding   

  12  0:00  SCV  
  13  0:13  SCV  
  14  0:17  Supply Depot  
  14  0:25  SCV  
  15  0:38  SCV  
  15  0:40  Barracks  
  16  0:44  Refinery  
  16  0:50  SCV  
  17  1:03  SCV  
  18  1:15  SCV  
  19  1:26  Marine  
  19  1:32  Command Center  
  20  1:39  SCV  
  21  1:42  Supply Depot  
  21  1:54  Orbital Command  
  21  2:05  Factory  
  21  2:08  Barracks Reactor  
  21  2:19  SCV  
  22  2:24  Bunker  
  22  2:31  Refinery, SCV  
  23  2:37  Supply Depot  
  23  2:43  SCV  
  24  2:54  Widow Mine  
  24  2:55  Widow Mine, Marine, SCV  
  30  3:01  Starport  
  30  3:06  SCV  
  32  3:13  Orbital Command  
  32  3:18  SCV  
  32  3:20  Widow Mine  
  32  3:27  Widow Mine  
  36  3:30  SCV  
  36  3:31  Marine  
  38  3:37  Medivac  
  38  3:41  SCV  
  41  3:44  SCV  
  41  3:46  Barracks  
  44  3:59  Marine, SCV  
  46  4:03  SCV  
  45  4:11  Liberator  
  45  4:13  SCV  
  45  4:17  Factory Tech Lab, Marine, SCV  
  46  4:18  Command Center  
  46  4:19  Liberator  
  46  4:24  Barracks  
  48  4:26  SCV  
  52  4:34  Marine, SCV  
  52  4:37  Barracks Tech Lab  
  52  4:38  SCV  
  58  4:52  Marine  
  59  4:56  Stimpack, Barracks  
  59  4:57  SCV  
  60  5:00  Supply Depot, SCV  
  61  5:07  Supply Depot  
  61  5:09  SCV  
  61  5:11  Liberator  
  62  5:16  Marine  
  62  5:17  SCV  
  58  5:24  SCV  
  58  5:25  Marine  
  58  5:26  Marauder  
  63  5:34  Marine  
  63  5:35  SCV  
  65  5:40  Barracks  
  65  5:43  Barracks  
  65  5:44  Barracks Tech Lab, Refinery, SCV, Engineering Bay  
  65  5:46  Marine  
  65  5:47  Refinery  
  65  5:48  SCV  
  68  5:52  Marine  
  68  5:56  SCV  
  67  6:05  Marauder, Marine  
  67  6:06  SCV  
  67  6:10  Marine  
  67  6:11  SCV  
  73  6:12  Orbital Command  
  73  6:18  SCV  
  72  6:23  Marauder, SCV  
  75  6:26  Marine  
  75  6:28  Marine  
  75  6:30  SCV  
  78  6:35  SCV  
  76  6:41  Barracks Tech Lab x2, Barracks Reactor  
  76  6:42  SCV  
  76  6:44  Marine x2  
  76  6:45  Marine  
  83  6:47  SCV  
Tags
 
Add a new tag
Caveats
  • Supply blocks, unpowered buildings, or Contaminate may cause inaccurate times.
  • Supply counts are checked every 10 seconds.